 Dungeon Crawl Stone Soup version 0.30-a0-122-g2a1322497e (webtiles) character file.

Game seed: 10995275731057247817

56 LnG the Trooper (level 3, -2/33 HPs)
             Began as a Hill Orc Fighter on Sept 16, 2022.
             Slain by Sigmund
             ... wielding a +2 scythe of flaming
              (4 damage)
             ... on level 2 of the Dungeon.
             The game lasted 00:01:58 (1409 turns).

LnG the Trooper (Hill Orc Fighter)                  Turns: 1409, Time: 00:01:58

Health: -2/33      AC:  7    Str: 20    XL:     3   Next: 97%
Magic:  3/3        EV:  9    Int:  8    God:
Gold:   44         SH:  4    Dex: 10    Spells: 2/2 levels left

rFire   . . .      SeeInvis .    a - +0 war axe
rCold   . . .      Faith    .    c - +0 buckler
rNeg    . . .      Spirit   .    b - +0 scale mail
rPois   .          Reflect  .    (no helmet)
rElec   .          Harm     .    (no cloak)
rCorr   .          Rampage  .    (no gloves)
Will    .....                    (no boots)
Stlth   ..........               (no amulet)
HPRegen 0.11/turn                (no ring)
MPRegen 0.08/turn                (no ring)

@: mighty
A: no striking features
a: no special abilities


You were on level 2 of the Dungeon.
You visited 1 branch of the dungeon, and saw 2 of its levels.

You collected 44 gold pieces.

Inventory:

Hand Weapons
 a - a +0 war axe (weapon)
Armour
 b - a +0 scale mail (worn)
 c - a +0 buckler (worn)
Scrolls
 e - 2 scrolls of identify {unknown}
 f - 2 scrolls of teleportation {unknown}
 i - a scroll of immolation {unknown}
 j - a scroll of blinking {unknown}
Potions
 g - a potion of resistance {unknown}
 h - a potion of curing {unknown}


   Skills:
 + Level 4.1 Fighting
 + Level 3.9 Axes
 + Level 3.8 Armour
 + Level 0.1 Dodging
 + Level 3.6 Shields


You had 2 spell levels left.
You didn't know any spells.
Your spell library contained the following spells:

 Spells                   Type           Power      Damage    Failure   Level
 Gell's Gravitas          Tloc           0%         N/A       99%         3
 Teleport Other           Tloc           0%         N/A       99%         3
 Dispersal                Tloc           0%         N/A       100%        6


Dungeon Overview and Level Annotations

Branches:
Dungeon (2/15)

Altars:

Annotations:
D:2 Sigmund


Message History

You feel very mighty all of a sudden. The ball python bites you.
The ball python barely misses you. You block Sigmund's attack.
You closely miss the ball python. The ball python bites you.
The ball python grabs you. The ball python constricts you.
The ball python barely misses you. The ball python constricts you.
You slice the ball python!!
You kill the ball python!
Sigmund hits you from afar with a +2 scythe of flaming.
Sigmund burns you. Sigmund casts a spell at you.
You are confused.
A hobgoblin comes into view.
The quokka misses you. Sigmund hits you but does no damage.
You're too confused to move!
The quokka bites you but does no damage.
Sigmund mumbles some strange words.
Sigmund flickers and vanishes!
Deactivating autopickup; reactivate with Ctrl-A.
The quokka attacks as you move away! The quokka barely misses you.
The quokka closely misses you.
You closely miss the quokka.
The quokka bites you but does no damage.
You bump into the rock wall.
You feel less confused.
The quokka bites you but does no damage.
You barely miss the quokka. You block the quokka's attack. Something hits you.
Something burns you.
The quokka bites you but does no damage.
You closely miss the quokka. You barely miss the hobgoblin.
The quokka bites you but does no damage.
Something hits you. Something burns you. You block the hobgoblin's attack.
You block the quokka's attack.
You slash the quokka!
You kill the quokka!
You barely miss the hobgoblin. The hobgoblin misses you. Something hits you!
* * * LOW HITPOINT WARNING * * *
Something burns you.
You die...

# #.# #.# #. #.# #.# ##
#.##.#### #.# #####
...#.......####.#####...#
...............†....+....
......#.##.####.#####...#
#..{.........[.......
.......#K#.##.#########.#
g......#@#.##.#########.#
.......g##.##.#.......#.#
........ ####.#.........#
...#.##. #.#.......#.#
#..#. #. #.#.......#.# ..
## #. ##...###.#.###
..####......#.#.# #
..............#.# #
...............# #


You could see a hobgoblin and a kobold.

Vanquished Creatures
  An adder (D:2)
  A worm (D:2)
  3 bats
  7 endoplasms
  2 giant cockroaches
  6 goblins
  4 hobgoblins
  3 jackals (D:1)
  4 kobolds
  A quokka (D:2)
  3 ball pythons
  2 frilled lizards
  A rat (D:1)
38 creatures vanquished.

Notes
Turn   | Place    | Note
-------+----------+-------------------------------------------
     0 | D:1      | LnG the Hill Orc Fighter began the quest for the Orb.
     0 | D:1      | Reached XP level 1. HP: 19/19 MP: 1/1
    46 | D:1      | Reached XP level 2. HP: 15/23 MP: 2/2
   261 | D:1      | Found a faded altar of an unknown god.
   576 | D:1      | Reached XP level 3. HP: 23/31 MP: 3/3
   809 | D:1      | Reached skill level 4 in Fighting
  1396 | D:2      | Noticed Sigmund
  1409 | D:2      | Slain by Sigmund

Illustrated notes

Levels and vault maps discovered:
D:1:      lightli_arrival_chessboard, layout_basic,
          shapermc_ecumenical_altar_notcrosses
D:2:      layout_basic, uniq_sigmund

Skill      XL: |  1  2  3 |
---------------+----------+-----
Axes           | 3 |  3.9
Fighting       | 4 |  4.1
Armour         | |  3.8
Dodging        | |  0.1
Shields        | |  3.6

Action                   || total
-------------------------++-------
Melee: War axe           ||   100
  Use: Potion            ||     1
Armor: Scale mail        ||    47
Dodge: Dodged            ||    73
Block: Buckler           ||    20

Table legend: (Time is in decaauts)
 A = Elapsed time spent in this place.
 B = Non-inter-level travel time spent in this place.
 C = Inter-level travel time spent in this place.
 D = Time resting spent in this place.
 E = Time spent auto-exploring this place.
 F = Levels seen in this place.
 G = Mean time per level.
                   A        B        C        D        E       F      G
               +--------+--------+--------+--------+--------+-----+--------+
         Total |   1450 |   1450 |      0 |    366 |    846 |   2 |  725.0 |
       Dungeon |   1450 |   1450 |      0 |    366 |    846 |   2 |  725.0 |
               +--------+--------+--------+--------+--------+-----+--------+

Top non-repeatable levels by time:
     D:1: 1153 daAuts
     D:2: 296 daAuts
